 Dungeon Crawl Stone Soup version 0.18-a0-1800-gdc7a371 (webtiles) character file.

249199 nubinia the Devastator (level 20, -19/116 HPs)
             Began as a Gargoyle Fire Elementalist on Apr 22, 2016.
             Was the Champion of Vehumet.
             Killed by Shatter
             ... invoked by Jorgrun
              (118 damage)
             ... on level 1 of the Vaults on Apr 24, 2016.
             The game lasted 07:52:23 (52212 turns).

nubinia the Devastator (GrFE)                      Turns: 52212, Time: 07:52:24

Health: -19/116    AC: 40    Str: 15    XL:     20   Next: 4%
Magic:  36/40      EV: 12    Int: 30    God:    Vehumet [******]
Gold:   132        SH:  8    Dex: 12    Spells: 11 memorised, 11 levels left

rFire  . . .     SeeInvis .     p - +5 flail (protect)
rCold  + + .     Gourm    .     F - +4 ring mail {rC+}
rNeg   + . .     Faith    .     P - +2 buckler
rPois  ∞         Spirit   .     (helmet restricted)
rElec  +         Dismiss  .     A - +0 cloak
rCorr  .         Reflect  +     N - +0 pair of gloves
SustAt .         Harm     .     D - +0 pair of boots "Yfades" {Int+4}
MR     +....     Clarity  +     H - +3 amulet of reflection
Stlth  ++++......               Z - +2 ring of protection
                                i - +6 ring of intelligence

@: delayed fireball, studying Armour, somewhat resistant to hostile
enchantments, stealthy
A: antennae 1, big wings, yellow scales 1, clarity, cold resistance 1, negative
energy resistance 1, electricity resistance, unbreathing, petrification
resistance, rot immunity, AC +15
a: Fly, Renounce Religion, Release Delayed Fireball
}: 1/15 runes: barnacled


You were on level 1 of the Vaults.
You worshipped Vehumet.
Vehumet was exalted by your worship.
You were not hungry.

You visited 7 branches of the dungeon, and saw 34 of its levels.
You visited the Abyss 1 time.
You also visited: Labyrinth, Ossuary and Volcano.

You collected 3344 gold pieces.
You spent 3212 gold pieces at shops.

Inventory:

Hand Weapons
 a - the +8 mace "Siweijad" {freeze, rC+}
   (You found it on level 2 of the Shoals)

   It has been specially enchanted to freeze those struck by it, causing extra
   injury to most foes and up to half again as much damage against particularly
   susceptible opponents.
   It can also slow down cold-blooded creatures.
   It protects you from cold.
 b - a +4 hunting sling of freezing
 e - the +5 blowgun "Veujouna" {evade, rF+ Str+5 Dex+4}
   (You bought it in a shop on level 2 of the Orcish Mines)

   It affects your evasion (+5 to EV).
   It affects your strength (+5).
   It affects your dexterity (+4).
   It protects you from fire.
 k - the +1 long sword "Ygasael" {freeze, *Rage +Fly rC+++ MR+}
   (You bought it in a shop on level 2 of the Orcish Mines)

   It has been specially enchanted to freeze those struck by it, causing extra
   injury to most foes and up to half again as much damage against particularly
   susceptible opponents.
   It can also slow down cold-blooded creatures.
   It renders you almost immune to cold.
   It affects your resistance to hostile enchantments.
   It lets you fly.
   It may make you go berserk in combat.
 p - a +5 flail of protection (weapon)
 M - the +2 long sword of Destiny {slice, rF+ rC++ MP+9 Dex-5}
   (You found it on level 1 of the Shoals)

   It inflicts extra damage upon your enemies.
   It affects your dexterity (-5).
   It protects you from fire.
   It greatly protects you from cold.
   It affects your magic capacity (+9).
Missiles
 I - 413 sling bullets
 R - 9 curare-tipped needles
 Y - 51 poisoned needles
Armour
 A - a +0 cloak (worn)
 D - the +0 pair of boots "Yfades" (worn) {Int+4}
   (You found it in a labyrinth)

   It affects your intelligence (+4).
 F - a +4 ring mail of cold resistance (worn)
 N - a +0 pair of gloves (worn)
 P - a +2 buckler (worn)
 T - the +2 ring mail "Wouph" {+Inv rN++ Slay-4}
   (You bought it in a shop on level 10 of the Dungeon)

   It affects your accuracy and damage with ranged weapons and melee attacks
   (-4).
   It greatly protects you from negative energy.
   It lets you turn invisible.
Rods
 X - a +4 rod of shadows (12/12)
   (You found it in a labyrinth)
Jewellery
 f - an uncursed ring of fire
 i - a +6 ring of intelligence (left hand)
 H - a +3 amulet of reflection (around neck)
 Z - a +2 ring of protection (right hand)
Wands
 q - a wand of iceblast (2/15)
 s - a wand of digging (8/24)
 G - a wand of teleportation (3/9)
 L - a wand of acid (4/15)
 Q - a wand of lightning (7/15)
Scrolls
 j - a scroll of blinking
 l - 9 scrolls of remove curse
 t - 5 scrolls of identify
 v - 2 scrolls of teleportation
 x - a scroll of fog
 y - a scroll of silence
 z - 4 scrolls of enchant armour
 E - 8 scrolls of magic mapping
 V - 3 scrolls of recharging
Potions
 c - 2 potions of cancellation
 d - a potion of heal wounds
 g - 2 potions of resistance
 h - 2 potions of agility
 m - 2 potions of invisibility
 u - 2 potions of brilliance
 B - 2 potions of magic
 C - 4 potions of might
 K - 15 potions of curing
Books
 w - a manual of Armour
Miscellaneous
 n - 2 phantom mirrors
 o - a stone of tremors (inert)
 r - a phial of floods
 S - a lamp of fire
Comestibles
 W - 2 beef jerkies


   Skills:
 - Level 9.6 Fighting
 - Level 9.7 Maces & Flails
 - Level 7.7(7.8) Slings
 - Level 0.3(4.8) Throwing
 + Level 12.0 Armour
 - Level 5.8 Dodging
 - Level 11.1 Stealth
 - Level 0.2 Unarmed Combat
 - Level 16.0 Spellcasting
 - Level 16.1 Conjurations
 - Level 14.1 Fire Magic
 - Level 0.4 Air Magic
 - Level 11.9 Earth Magic
 - Level 1.0 Poison Magic
 - Level 2.1 Evocations


You had 11 spell levels left.
You knew the following spells:

 Your Spells              Type           Power        Failure   Level  Hunger
a - Throw Flame           Conj/Fire      ######       0%          2    None
b - Force Lance           Conj/Tloc      ######..     1%          4    None
c - Mephitic Cloud        Conj/Pois/Air  ######..     1%          3    None
d - Sticky Flame          Conj/Fire      #######.     1%          4    None
e - Fireball              Conj/Fire      #######...   1%          5    None
f - Magic Dart            Conj           ####         0%          1    None
g - Iron Shot             Conj/Erth      #######...   1%          6    ###....
h - Delayed Fireball      Conj/Fire      N/A          3%          7    #####..
j - Conjure Flame         Conj/Fire      #######.     1%          3    None
l - Lee's Rapid Deconstr  Erth           #######...   1%          5    None
D - Bolt of Draining      Conj/Necr      ######....   1%          5    None


Dungeon Overview and Level Annotations

Branches:
Dungeon (14/15)            Temple (0/1) D:7            Lair (8/8) D:11
 Shoals (4/4) Lair:3       Spider (3/4) Lair:3        Slime (0/6) Lair:6
    Orc (2/2) D:10            Elf (2/3) Orc:2        Vaults (1/5) D:14

Altars:
Ashenzari
Cheibriados
Elyvilon
Fedhas
Kikubaaqudgha
Makhleb
Nemelex Xobeh
Okawaru
Pakellas
Qazlal
Ru
Sif Muna
Vehumet
Xom
Yredelemnul
The Shining One
Beogh
Jiyva

Shops:
D:5 (   D:10 *   Orc:2 *[(!   Elf:2 [!   Vaults:1 !:=:

Annotations:
D:4 Duffy's ghost, novice DsFi
Lair:6 1 runed door
Elf:2 3 runed doors, Saint Roka
Vaults:1 Jorgrun


Innate Abilities, Weirdness & Mutations

You are resistant to torment.
Your stone body is resilient (AC +15).
You are immune to poison.
Your large and strong wings let you fly indefinitely.
You resist negative energy.
You are resistant to electric shocks.
You can survive without breathing.
You are immune to petrification.
You are immune to rotting.
You have a pair of small antennae on your head.
You are partially covered in yellow scales (AC +2).
You possess an exceptional clarity of mind.
Your flesh is cold resistant.


Message History

Jorgrun Earthshaker comes into view.
He is wielding a quarterstaff of crushing.
Jorgrun shouts!
Jorgrun casts a spell at you. You resist with some effort.
There is a large open door here.
Jorgrun hits you with a quarterstaff of crushing!
Casting: Fireball
Confirm with . or Enter, or press ? or * to list all spells.
Aiming: Sticky Flame
Press: ? - help, Shift-Dir - straight line, f - Jorgrun
Aim: Jorgrun, wielding a quarterstaff of crushing and wearing a runed robe The sticky flame hits Jorgrun.
Jorgrun is lightly wounded.
Jorgrun is covered in liquid flames!
Jorgrun burns!
Jorgrun casts a spell.
The dungeon rumbles around Jorgrun!
A door shatters!
You shudder from the earth-shattering force.
Ouch! That really hurt!
You die...

# #... # .# #########'
# .# #......... #######
..# #.#.....#. ......#
.. #.##...##. ......###
#. #..##.##.. .###....#
#.########...###... .#
#....#
#.g.##...'....#..∩. ##
###..#
#.@####..#...###...
#..#
#..'≈≈'..#..##.##.. ##
###..#
#..'≈≈'..#.##...##. .#
#....#
#..####..'.#....)#(
.###....# #...
#...#.......))
..)...###
##########'##########)#
......# #.......)(...#
#... '######
#............# #... .#
#..###..###..# #..#


You could see Jorgrun (burning).

Vanquished Creatures
  Rupert (D:13)
  Asterion (Elf:2)
  A titan (Vaults:1)
  Kirke (Elf:1)
  Donald (Orc:2)
  Ilsuiw (Shoals:4)
  A deep elf sorcerer (Elf:1)
  6 vault wardens (Vaults:1)
  A deep elf elementalist (Elf:2)
  2 orc warlords
  Louise (Spider:2)
  A stone giant (Shoals:4)
  4 ironheart preservers (Vaults:1)
  Nessos (Orc:2)
  Azrael (Orc:2)
  2 deep elf demonologists
  The ghost of Ijustatesigmund the Grappler, a journeyman TrHu of Okawaru (Lair:1)
  A spark wasp (Spider:2)
  A deep elf death mage (Vaults:1)
  Snorg (Orc:1)
  2 vault guards
  Josephine (Spider:1)
  7 merfolk javelineers
  11 merfolk impalers
  A minotaur (Lab)
  Harold (D:12)
  3 entropy weavers
  9 hydras
  2 catoblepae
  5 centaur warriors
  5 merfolk avatars
  Erica (D:10)
  4 merfolk aquamancers
  5 ogre magi
  5 satyrs
  4 death yaks (Shoals:2)
  An orc high priest (Orc:2)
  11 dancing weapons
  Urug (Orc:1)
  9 deep elf knights
  7 slime creatures
  Nergalle (Lair:4)
  A fire crab (Lair:7)
  A shadow wraith (Vaults:1)
  13 sea snakes
  5 deep trolls (Vaults:1)
  2 wizards (Vaults:1)
  3 unseen horrors
  4 ironbrand convokers (Vaults:1)
  8 deep elf archers
  A lindwurm (Lair:7)
  4 hill giants
  Pikel (D:5)
  2 necromancers
  3 orc sorcerers (Orc:2)
  15 harpies
  8 orb spiders
  33 deep elf magi
  11 griffons
  18 wolf spiders
  12 manticores
  24 ugly things (Vaults:1)
  3 orc knights
  A fire giant zombie (Vaults:1)
  2 hornets
  5 cyclopes
  7 fauns
  Maurice (Orc:2)
  Joseph (D:8)
  8 elephants
  23 sirens
  8 water nymphs
  3 vault sentinels (Vaults:1)
  An eye of devastation (shapeshifter) (Vaults:1)
  2 gargoyles
  3 orange demons (Elf:1)
  7 black mambas
  13 spiny frogs
  3 rime drakes
  A centaur skeleton (D:13)
  3 kobold demonologists
  A yaktaur (shapeshifter) (Elf:1)
  23 yaktaurs (Vaults:1)
  9 demonic crawlers
  10 komodo dragons
  A spriggan druid (Lair:8)
  9 trolls
  A queen bee (Lair:3)
  12 jumping spiders
  28 merfolk
  12 polar bears (Lair:8)
  A wind drake (Shoals:4)
  8 two-headed ogres
  2 boulder beetles
  11 snapping turtles
  33 blink frogs
  7 air elementals
  10 water elementals
  15 tarantellas
  57 redbacks
  13 spriggans (Lair:8)
  A shadow (D:11)
  5 hogs (Elf:1)
  57 yaks
  A vampire (D:13)
  4 wraiths
  2 wyverns (Lair:6)
  5 basilisks
  2 fire bats (Volcano)
  4 fire elementals
  A vampire mosquito (Vaults:1)
  3 hungry ghosts
  20 hippogriffs
  2 mottled dragons (D:13)
  7 wargs
  16 water moccasins
  An ogre skeleton (Vaults:1)
  A hell hound (Orc:1)
  32 orc warriors
  7 porcupines
  9 black bears
  A phantom (D:9)
  2 sky beasts
  4 ice beasts
  4 wasps
  12 ogres
  An eye of draining (D:13)
  A necrophage (D:10)
  44 wolves
  8 centaurs
  20 crocodiles
  7 big kobolds
  19 giant frogs
  A gnoll sergeant (D:8)
  A glowing shapeshifter simulacrum (Vaults:1)
  An earth elemental (Elf:1)
  8 scorpions
  22 killer bees
  19 wights
  An electric eel (Lair:3)
  9 howler monkeys
  7 crimson imps
  A lava snake (Volcano)
  5 centaur zombies
  3 giant frog zombies
  2 quasits
  2 giant frog skeletons
  7 hounds
  A jelly (D:9)
  29 orc priests
  32 orc wizards
  Terence (D:3)
  7 iguanas
  Ijyb (D:3)
  Natasha (D:4)
  16 worker ants
  3 yak simulacra (Lair:6)
  A polar bear simulacrum (Lair:6)
  19 sheep
  3 wolf simulacra (Lair:6)
  A hound zombie (D:10)
  13 mummies (Ossuary)
  8 gnolls
  12 adders
  3 howler monkey skeletons
  47 river rats
  7 shadow imps
  A white imp (Vaults:1)
  2 adder skeletons (D:5)
  5 worms
  6 dart slugs
  6 giant geckos
  129 orcs
  2 ball pythons
  7 giant cockroaches
  5 goblins
  5 hobgoblins
  8 jackals
  8 quokkas
  8 bats
  A giant gecko skeleton (D:4)
  8 giant newts
  A gnoll skeleton (Ossuary)
  3 goblin skeletons (Ossuary)
  A jackal zombie (D:6)
  15 kobolds
  3 kobold skeletons (Ossuary)
  An orc skeleton (Ossuary)
  2 quokka skeletons
  A quokka zombie (D:6)
  7 rats
  11 rat skeletons (Ossuary)
  4 river rat simulacra (Lair:6)
  5 fungi
  10 plants
1515 creatures vanquished.

Vanquished Creatures (collateral kills)
  Polyphemus (Shoals:2)
  A wolf spider (Spider:2)
  A water nymph (Shoals:4)
  2 jumping spiders (Spider:1)
  3 redbacks
  2 water elementals (Shoals:1)
  A scorpion (Elf:1)
  3 killer bees
  An iguana (Lair:2)
15 creatures vanquished.

Vanquished Creatures (others)
  A deep elf knight (Elf:2)
  A deep elf archer (Elf:2)
  A yaktaur (Vaults:1)
  2 merfolk
  A redback (Spider:2)
  A tarantella (Spider:2)
  2 centaurs (D:12)
  A killer bee (D:11)
  An orc (D:8)
  A quokka (D:8)
  A bush (Elf:2)
  62 fungi
  41 plants
116 creatures vanquished.

Grand Total: 1646 creatures vanquished

Notes
Turn   | Place    | Note
--------------------------------------------------------------
     0 | D:1      | nubinia the Gargoyle Fire Elementalist began the quest for the Orb.
     0 | D:1      | Reached XP level 1. HP: 10/10 MP: 3/3
   509 | D:1      | Reached XP level 2. HP: 12/15 MP: 1/5
   556 | D:1      | Learned a level 2 spell: Throw Flame
  1450 | D:1      | Reached XP level 3. HP: 19/19 MP: 2/6
  1492 | D:1      | Learned a level 3 spell: Conjure Flame
  1549 | D:2      | Found a faded altar to an unknown god.
  1779 | D:2      | Reached XP level 4. HP: 24/24 MP: 3/7
  2207 | D:3      | Noticed Terence
  2255 | D:3      | Noticed Ijyb
  2261 | D:3      | Killed Ijyb
  2261 | D:3      | Reached XP level 5. HP: 28/28 MP: 6/8
  2392 | D:3      | Reached skill level 1 in Maces & Flails
  2636 | D:3      | Found a shattered altar of Ashenzari.
  2855 | D:3      | Noticed an orc warrior
  3221 | D:4      | Reached skill level 1 in Fighting
  3284 | D:4      | Reached XP level 6. HP: 34/34 MP: 4/10
  3290 | D:4      | Learned a level 4 spell: Sticky Flame
  3351 | D:4      | Found an oddly glowing altar of Pakellas.
  3717 | D:3      | Killed Terence
  4181 | D:4      | Noticed Duffy's ghost (novice DsFi)
  4325 | D:4      | Reached XP level 7. HP: 28/38 MP: 4/12
  4424 | D:4      | Noticed Natasha
  4429 | D:4      | Killed Natasha
  4934 | D:5      | Entered Level 5 of the Dungeon
  4977 | D:5      | Reached skill level 5 in Fire Magic
  5233 | D:5      | Found a sacrificial altar of Ru.
  5409 | D:5      | Found Xegh's Antique Weapon Shop.
  5476 | D:5      | Reached XP level 8. HP: 43/43 MP: 7/14
  6214 | D:5      | Noticed Pikel
  6236 | D:5      | Killed Pikel
  6236 | D:5      | Reached skill level 5 in Spellcasting
  6236 | D:5      | Reached skill level 5 in Conjurations
  6885 | D:6      | Reached XP level 9. HP: 42/49 MP: 12/17
  6944 | D:6      | Found a sand-covered staircase.
  6956 | Ossuary  | Entered an ossuary
  8907 | D:7      | Found a radiant altar of Vehumet.
  8929 | D:7      | Became a worshipper of Vehumet
  8947 | D:7      | Found a glowing golden altar of the Shining One.
  8952 | D:7      | Found a deep blue altar of Sif Muna.
  8954 | D:7      | Found an ancient bone altar of Kikubaaqudgha.
  9233 | D:7      | Found a staircase to the Ecumenical Temple.
  9396 | D:7      | Reached skill level 5 in Stealth
  9767 | D:7      | Found a snail-covered altar of Cheibriados.
  9767 | D:7      | Found a basalt altar of Yredelemnul.
  9966 | D:8      | Reached XP level 10. HP: 52/56 MP: 20/20
  9978 | D:8      | Found a blossoming altar of Fedhas.
  9982 | D:8      | Found a stormy altar of Qazlal.
 10057 | D:8      | Found a sparkling altar of Nemelex Xobeh.
 10210 | D:8      | Noticed Joseph
 10231 | D:7      | Learned a level 5 spell: Fireball
 10692 | D:8      | Reached * piety under Vehumet
 10692 | D:8      | Offered knowledge of Shock by Vehumet.
 10807 | D:8      | Learned a level 3 spell: Mephitic Cloud
 11092 | D:8      | Found a white marble altar of Elyvilon.
 11273 | D:8      | Found a shimmering altar of Xom.
 11313 | D:8      | Killed Joseph
 11750 | D:9      | Reached skill level 1 in Armour
 11754 | D:9      | Reached skill level 5 in Dodging
 12423 | D:10     | Entered Level 10 of the Dungeon
 12555 | D:9      | Reached ** piety under Vehumet
 12624 | D:9      | Offered knowledge of Magic Dart by Vehumet.
 12630 | D:9      | Learned a level 1 spell: Magic Dart
 12753 | D:10     | Found a staircase to the Orcish Mines.
 12857 | D:10     | Noticed a centaur warrior
 12860 | D:10     | Reached XP level 11. HP: 60/60 MP: 14/23
 12876 | D:10     | Killed a centaur warrior
 12959 | D:10     | Noticed Erica
 13032 | D:10     | Killed Erica
 13719 | D:10     | Found Eriujor's General Store.
 13727 | D:10     | Noticed a hill giant
 13737 | D:10     | Killed a hill giant
 13921 | Orc:1    | Entered Level 1 of the Orcish Mines
 13923 | Orc:1    | Noticed Snorg
 13936 | Orc:1    | Killed Snorg
 14139 | Orc:1    | Offered knowledge of Searing Ray by Vehumet.
 14294 | Orc:1    | Found a burning altar of Makhleb.
 14331 | Orc:1    | Reached *** piety under Vehumet
 14398 | Orc:1    | Noticed Urug
 14607 | D:11     | Found an iron altar of Okawaru.
 14640 | D:11     | Reached skill level 5 in Armour
 14810 | D:11     | Offered knowledge of Olgreb's Toxic Radiance by Vehumet.
 14811 | D:11     | Found a staircase to the Lair.
 15160 | D:11     | Reached **** piety under Vehumet
 15518 | Lair:1   | Entered Level 1 of the Lair of Beasts
 15542 | Lair:1   | Reached skill level 1 in Poison Magic
 15727 | Lair:1   | Offered knowledge of Lee's Rapid Deconstruction by Vehumet.
 15734 | Lair:1   | Learned a level 5 spell: Lee's Rapid Deconstruction
 15744 | Lair:1   | Reached skill level 1 in Earth Magic
 15744 | Lair:1   | Reached XP level 12. HP: 62/66 MP: 16/25
 15750 | Lair:1   | Noticed an eight-headed hydra
 15795 | Lair:1   | Killed an eight-headed hydra
 15828 | Lair:1   | Noticed Ijustatesigmund's ghost (journeyman TrHu)
 16087 | Lair:2   | Noticed an eight-headed hydra
 16091 | Lair:2   | Killed an eight-headed hydra
 16091 | Lair:2   | Reached skill level 5 in Earth Magic
 16547 | Lair:1   | Reached skill level 1 in Evocations
 17886 | Lair:2   | Reached ***** piety under Vehumet
 18143 | Lair:3   | Noticed a five-headed hydra
 18198 | Lair:3   | Offered knowledge of Iron Shot by Vehumet.
 18271 | Lair:3   | Learned a level 6 spell: Iron Shot
 18329 | Lair:3   | Killed a five-headed hydra
 18390 | Lair:3   | HP: 1/67 [worm (6)]
 18829 | Lair:3   | Reached skill level 10 in Spellcasting
 18933 | Lair:3   | Identified the Almanac of Cold
 19000 | Lair:3   | Found a hole to the Spider Nest.
 19100 | Lair:3   | Reached XP level 13. HP: 67/72 MP: 15/27
 19170 | Lair:3   | Got a transparent robe
 19181 | Lair:3   | Identified the +2 robe of Forking Paths {Dex+2} (You found it on level 3 of the Lair of Beasts)
 19244 | Lair:3   | Found a staircase to the Shoals.
 19247 | Lair:3   | Reached skill level 10 in Fire Magic
 19864 | Lair:4   | Found a labyrinth entrance.
 19874 | Lab      | Entered a labyrinth
 20081 | Lab      | Noticed a minotaur
 20096 | Lab      | Killed a minotaur
 20096 | Lab      | Reached skill level 5 in Fighting
 20117 | Lab      | Identified a +4 rod of shadows (12/12) (You found it in a labyrinth)
 20121 | Lab      | Got a blackened broad axe
 20121 | Lab      | Got a pair of jewelled boots
 20122 | Lab      | Identified the +4 broad axe "Rerchiy" {chop, +Rage rElec Stlth+} (You found it in a labyrinth)
 20128 | Lab      | Identified the cursed +0 pair of boots "Yfades" {Int+4} (You found it in a labyrinth)
 20530 | Lair:4   | Noticed Nergalle
 20822 | Lair:4   | Reached skill level 5 in Maces & Flails
 21219 | Lair:4   | Killed Nergalle
 21219 | Lair:4   | Reached skill level 10 in Conjurations
 21466 | Lair:4   | Upgraded the game from 0.18-a0-1797-gc18daef to 0.18-a0-1799-g6250cb2
 21541 | Lair:5   | Offered knowledge of Force Lance by Vehumet.
 21548 | Lair:5   | Learned a level 4 spell: Force Lance
 22836 | Lair:6   | Found a runed door.
 22836 | Lair:6   | Found a viscous altar of Jiyva.
 22836 | Lair:6   | Noticed an acid blob
 22837 | Lair:6   | Found a staircase to the Slime Pits.
 22837 | Lair:6   | Noticed an acid blob
 22840 | Lair:6   | Got a pitted helmet
 22853 | Lair:6   | Identified the cursed +0 helmet "Pewisis" {rElec MR+ Regen+ MP+9} (You found it on level 6 of the Lair of Beasts)
 23770 | Lair:7   | Gained mutation: Your large and strong wings let you fly indefinitely. [Gargoyle growth]
 23770 | Lair:7   | Reached XP level 14. HP: 78/78 MP: 29/29
 23853 | Lair:7   | Offered knowledge of Delayed Fireball by Vehumet.
 24329 | Lair:7   | Learned a level 7 spell: Delayed Fireball
 24459 | Lair:7   | Reached skill level 10 in Earth Magic
 26433 | Lair:8   | Entered Level 8 of the Lair of Beasts
 26469 | Lair:8   | Found a dark tunnel.
 26476 | Volcano  | Entered a volcano
 26603 | Volcano  | Found a burning altar of Makhleb.
 27138 | Lair:8   | Reached skill level 1 in Slings
 27211 | Lair:8   | Offered knowledge of Irradiate by Vehumet.
 28729 | Lair:8   | Reached XP level 15. HP: 84/84 MP: 23/30
 28744 | Lair:8   | Offered knowledge of Bolt of Fire by Vehumet.
 29177 | Shoals:1 | Entered Level 1 of the Shoals
 30045 | Shoals:1 | Got a shimmering long sword
 30046 | Shoals:1 | Identified the cursed +2 long sword of Destiny {slice, rF+ rC++ MP+9 Dex-5} (You found it on level 1 of the Shoals)
 30222 | Shoals:2 | Got a translucent mace
 30223 | Shoals:2 | Identified the +8 mace "Siweijad" {freeze, rC+} (You found it on level 2 of the Shoals)
 30563 | Shoals:2 | Noticed Polyphemus
 31217 | Shoals:2 | Killed Polyphemus
 31217 | Shoals:2 | Offered knowledge of Bolt of Cold by Vehumet.
 31586 | Shoals:3 | Reached skill level 5 in Slings
 32640 | Shoals:3 | Reached XP level 16. HP: 90/90 MP: 31/32
 33088 | Shoals:4 | Entered Level 4 of the Shoals
 33218 | Lair:4   | Gained mutation: You possess an exceptional clarity of mind. [potion of mutation]
 33218 | Lair:4   | Gained mutation: Your flesh is cold resistant. [potion of mutation]
 33218 | Lair:4   | Gained mutation: You are partially covered in yellow scales (AC +2). [potion of mutation]
 33352 | Shoals:4 | Noticed Ilsuiw
 33368 | Shoals:4 | Cast into level 2 of the Abyss (merfolk impaler)
 33394 | Shoals:4 | Escaped the Abyss
 34158 | Shoals:4 | Killed Ilsuiw
 34560 | Shoals:3 | Upgraded the game from 0.18-a0-1799-g6250cb2 to 0.18-a0-1800-gdc7a371
 35719 | Shoals:4 | Reached XP level 17. HP: 87/96 MP: 22/34
 36674 | Shoals:4 | Offered knowledge of Poison Arrow by Vehumet.
 36775 | Shoals:4 | Got a barnacled rune of Zot
 37176 | Orc:1    | Killed Urug
 37395 | Orc:2    | Entered Level 2 of the Orcish Mines
 37405 | Orc:2    | Noticed Azrael
 37435 | Orc:2    | Noticed Nessos
 37444 | Orc:2    | Killed Nessos
 37700 | Orc:2    | Found a roughly hewn altar of Beogh.
 37705 | Orc:2    | Found Ulass's Distillery.
 37705 | Orc:2    | Noticed Donald
 37727 | Orc:2    | Killed Donald
 37804 | Orc:2    | Found a roughly hewn altar of Beogh.
 37906 | Orc:2    | Found a staircase to the Elven Halls.
 37968 | Orc:2    | Killed Azrael
 38164 | Orc:2    | Paralysed by an orc sorcerer for 4 turns
 38208 | Orc:2    | Noticed Maurice
 38219 | Orc:2    | Killed Maurice
 38658 | Orc:2    | Found a roughly hewn altar of Beogh.
 38861 | Orc:2    | Found a roughly hewn altar of Beogh.
 38937 | Orc:2    | Found Doushrate's Antique Weapon Boutique.
 38939 | Orc:2    | Found a roughly hewn altar of Beogh.
 38945 | Orc:2    | Found Qeagosme's Antique Armour Shop.
 39026 | Orc:2    | Found a roughly hewn altar of Beogh.
 39113 | Orc:2    | Found Plog's General Store.
 39412 | Orc:2    | Bought a pitted long sword for 306 gold pieces
 39412 | Orc:2    | Bought a crystal blowgun for 270 gold pieces
 39412 | Orc:2    | Identified the cursed +1 long sword "Ygasael" {freeze, *Rage +Fly rC+++ MR+} (You bought it in a shop on level 2 of the Orcish Mines)
 39413 | Orc:2    | Identified the +5 blowgun "Veujouna" {evade, rF+ Str+5 Dex+4} (You bought it in a shop on level 2 of the Orcish Mines)
 39563 | Lair:1   | Killed Ijustatesigmund's ghost
 39697 | Spider:1 | Entered Level 1 of the Spider Nest
 39768 | Spider:1 | Noticed Josephine
 39771 | Spider:1 | Killed Josephine
 40097 | Spider:1 | Reached ****** piety under Vehumet
 41297 | Shoals:4 | Offered knowledge of Lehudib's Crystal Spear by Vehumet.
 41297 | Shoals:4 | Offered knowledge of Glaciate by Vehumet.
 41297 | Shoals:4 | Offered knowledge of Shatter by Vehumet.
 41740 | Lair:6   | Learned a level 5 spell: Bolt of Draining
 41744 | Lair:6   | Learned a level 3 spell: Conjure Flame
 41846 | Spider:2 | Noticed Louise
 42346 | Spider:2 | Killed Louise
 42532 | Spider:2 | Reached skill level 10 in Stealth
 42571 | Spider:2 | Reached XP level 18. HP: 85/103 MP: 20/36
 44345 | D:10     | Bought the +2 ring mail "Wouph" {+Inv rN++ Slay-4} for 325 gold pieces
 44468 | Elf:1    | Entered Level 1 of the Elven Halls
 45463 | Elf:1    | Reached skill level 15 in Conjurations
 45509 | Elf:1    | Noticed Kirke
 45521 | Elf:1    | Killed Kirke
 46222 | Elf:2    | Noticed Saint Roka
 46348 | Elf:2    | Noticed Asterion
 46355 | Elf:2    | Killed Asterion
 46355 | Elf:2    | Reached skill level 15 in Spellcasting
 46628 | Elf:2    | Found Jomurioxi's Distillery.
 46636 | Elf:2    | Bought a potion of magic for 112 gold pieces
 46659 | Elf:2    | Found Vujank's Armour Shop.
 46671 | Elf:2    | Bought a +2 buckler for 247 gold pieces
 46783 | Elf:2    | Found a runed gate.
 46783 | Elf:2    | Found a runed gate.
 46783 | Elf:2    | Found a runed gate.
 47500 | Orc:2    | Bought a shiny helmet for 103 gold pieces
 47825 | D:12     | Noticed Harold
 47850 | D:12     | Killed Harold
 48645 | D:13     | Reached XP level 19. HP: 83/108 MP: 38/38
 48685 | D:13     | Noticed Rupert
 48691 | D:13     | Killed Rupert
 49346 | D:13     | Found a runed door.
 50061 | D:14     | Found a gate to the Vaults.
 50089 | Vaults:1 | Entered Level 1 of the Vaults
 51533 | Vaults:1 | Found Nyuqok's Book Boutique.
 51541 | Vaults:1 | Bought a manual of Armour for 1324 gold pieces
 51615 | Vaults:1 | Reached skill level 10 in Armour
 51647 | Vaults:1 | Found Hotopry's Distillery.
 51656 | Vaults:1 | Bought a potion of beneficial mutation for 525 gold pieces
 51656 | Vaults:1 | Gained mutation: You have a pair of small antennae on your head. [potion of beneficial mutation]
 51962 | Vaults:1 | Reached XP level 20. HP: 116/116 MP: 29/40
 52177 | Vaults:1 | Found Obielafa's Book Boutique.
 52178 | Vaults:1 | Found Femewyfe's Jewellery Boutique.
 52210 | Vaults:1 | Noticed Jorgrun
 52212 | Vaults:1 | Killed from afar by Jorgrun

Vault maps used:
D:1:      dpeg_arrival_radiant
D:2:      ecumenical_altar_1
D:3:      nicolae_ashenzari_panopticon, uniq_terence, uniq_iyjb
D:4:      kennysheep_mini_moat, columned_hall_lemuel, uniq_natasha
D:5:      minmay_thick_lines, old_standard_altar, first_bread, serial_shops,
          nicolae_shop_behind_doors, grunt_ministairs_9, uniq_pikel
D:6:      enter_ossuary_2
D:7:      lemuel_round_altar, nicolae_overflow_hidden_temple,
          minmay_temple_entry_statues_pillars, grunt_ministairs_1
D:8:      grunt_temple_overflow_forces_of_nature, kennysheep_little_box,
          elyvilon_altar_4, nemelex_deck, uniq_joseph
D:10:     minmay_orc_entry_guard_dogs, serial_shops, shop, uniq_erica
D:11:     lemuel_flame_loot_2, dpeg_lair_monsters, basic_altar
D:12:     uniq_harold
D:13:     minmay_expanding_circles, hangedman_ranch, uniq_rupert
D:14:     david_vaults_5, minmay_misc_feat_tower
Lair:1:   grunt_megastairs_1
Lair:2:   minivault_11
Lair:3:   elwin_shoals_entry_rooms, nicolae_spider_entry_non_spiders,
          special_room, grunt_megastairs_3
Lair:4:   lab_entry_generic, serial_bayou, serial_bayou_lake_a,
          serial_bayou_pond_c, serial_bayou_pond_d, serial_bayou_shore_a,
          uniq_nergalle
Lair:5:   serial_bayou, serial_bayou_shore_b, serial_bayou_pond_a,
          serial_bayou_pond_e, serial_bayou_crossing
Lair:6:   slime_altar_2, eino_house_with_fridge
Lair:8:   minmay_lair_end_enchanted_forest, nicolae_volcano_entry_two_sided,
          minivault_27, lemuel_fruit_fields
Shoals:2: uniq_polyphemus
Shoals:4: shoals_end_hangedman, shoal_ilsuiw, hangedman_shoals_cup_caves
Spider:1: uniq_josephine
Spider:2: uniq_louise
Spider:3: guppyfry_spider_mini_2
Orc:1:    bloody_makhleb, uniq_urug, uniq_snorg
Orc:2:    grunt_orc_community_town_hall, grunt_orc_community_big_house_2,
          grunt_orc_community_big_house_1, grunt_orc_community_house_1,
          grunt_orc_community_house_1, grunt_orc_community_house_3,
          grunt_orc_community_house_3, grunt_orc_community_house_2,
          grunt_orc_community_house_3, basic_altar, uniq_nessos, uniq_donald,
          uniq_azrael, uniq_maurice
Elf:1:    hangedman_elf_represent, einodemon_barbed_minivault, uniq_kirke
Elf:2:    serial_shops, shop_coins, nicolae_shop_trees, shop, enter_trove_2,
          uniq_asterion, uniq_saint_roka
Vaults:1: v_misc_4, ontoclasm_vaults_decontamination, vaults_dpeg_encased_lava,
          v_misc_26, ontoclasm_vaults_loading_screen, v_misc_22, v_misc_14,
          serial_ice_m, vaults_standard_mumra_x,
          nicolae_vaults_windows_and_doors_thing, nicolae_vaults_display_case,
          nicolae_vaults_alarming, v_misc_4, serial_shops, nicolae_shop_stone,
          shop, shop, shop, uniq_jorgrun
Lab:      labyrinth_mini_lab, nicolae_lab_checkerboard, nicolae_lab_stuck
Ossuary:  ossuary_due_small_catacomb
Volcano:  volcano_grotto

Skill      XL: |  1  2  3  4  5  6  7  8  9 10 11 12 13 14 15 16 17 18 19 20 |
---------------+-------------------------------------------------------------+-----
Dodging        | 2 3 4 5 |  5.8
Stealth        | 3 4 5 6 7 8 9 10 11 | 11.1
Fire Magic     | 4 5 6 7 8 9 10 11 12 13 14 | 14.1
Conjurations   | 2 3 5 6 7 8 9 10 11 12 13 14 15 16 | 16.1
Maces & Flails | 1 2 3 4 5 6 7 8 9 |  9.7
Fighting       | 1 2 3 4 5 6 7 8 9 |  9.6
Spellcasting   | 3 4 5 6 8 9 10 11 12 13 14 15 16 | 16.0
Armour         | 3 5 6 7 8 9 11 12 | 12.0
Poison Magic   | 1 |  1.0
Earth Magic    | 1 7 9 10 11 | 11.9
Evocations     | 1 2 |  2.1
Slings         | 3 5 6 7 |  7.7
Throwing       | |  0.3
Unarmed Combat | |  0.2
Air Magic      | |  0.4

Action                   |  1- 3 |  4- 6 |  7- 9 | 10-12 | 13-15 | 16-18 | 19-21 || total
-------------------------+-------+-------+-------+-------+-------+-------+-------++-------
Melee: Unarmed           |    14 |       |       |       |       |       |       ||    14
       Club              |    13 |       |       |       |       |       |       ||    13
       Whip              |     6 |    75 |   209 |   353 |    55 |       |       ||   698
       Punch             |       |     1 |     1 |       |     1 |       |       ||     3
       Flail             |       |       |       |    98 |   559 |   131 |   112 ||   900
       Mace              |       |       |       |       |    97 |   806 |   232 ||  1135
       Rapier            |       |       |       |       |     1 |     5 |       ||     6
       Long sword        |       |       |       |       |       |     2 |       ||     2
       Hunting sling     |       |       |       |       |       |     1 |       ||     1
 Fire: Hunting sling     |       |       |       |       |   343 |   375 |    39 ||   757
       Blowgun           |       |       |       |       |       |     8 |       ||     8
 Cast: Flame Tongue      |    56 |    64 |   144 |   317 |    97 |       |       ||   678
       Throw Flame       |     1 |    27 |    57 |   103 |   488 |   435 |    34 ||  1145
       Conjure Flame     |       |     1 |     4 |     3 |     1 |       |       ||     9
       Sticky Flame      |       |       |     4 |    63 |    92 |    67 |    23 ||   249
       Fireball          |       |       |       |    16 |    18 |   121 |    73 ||   228
       Mephitic Cloud    |       |       |       |    49 |   172 |   151 |    16 ||   388
       Magic Dart        |       |       |       |     3 |     7 |     2 |       ||    12
       Lee's Rapid Decon |       |       |       |       |     5 |    34 |     9 ||    48
       Force Lance       |       |       |       |       |    38 |   149 |     8 ||   195
       Delayed Fireball  |       |       |       |       |     5 |     4 |     4 ||    13
       Bolt of Draining  |       |       |       |       |       |    19 |    41 ||    60
 Abil: Release Delayed F |       |       |       |       |     4 |     4 |     4 ||    12
       Fly               |       |       |       |       |     1 |     1 |       ||     2
       Stop Flying       |       |       |       |       |       |     1 |     1 ||     2
Evoke: Wand              |       |       |     6 |    32 |     9 |    13 |       ||    60
       Lamp of fire      |       |       |       |       |     3 |       |       ||     3
       Rod               |       |       |       |       |       |     2 |       ||     2
       Stone of tremors  |       |       |       |       |       |     1 |     1 ||     2
  Use: Scroll            |     6 |     2 |    14 |     8 |    25 |    18 |     1 ||    74
       Potion            |       |       |       |     2 |     1 |     5 |     1 ||     9
 Stab: Sleeping          |     1 |     8 |    15 |     1 |     3 |     8 |     2 ||    38
       Distracted        |       |       |     1 |       |       |       |     1 ||     2
       Confused          |       |       |       |    19 |    48 |    58 |     4 ||   129
  Eat: Chunk             |     4 |     9 |    12 |    33 |    45 |    48 |    14 ||   165
       Pizza             |       |       |     1 |       |     1 |       |       ||     2
       Meat ration       |       |       |     1 |       |       |       |       ||     1
       Beef jerky        |       |       |       |       |     1 |     4 |     1 ||     6
Armor: Robe              |    16 |    17 |    68 |    29 |       |       |       ||   130
       Leather armour    |       |       |       |   164 |    12 |       |       ||   176
       Ring mail         |       |       |       |       |   458 |   947 |   209 ||  1614
Dodge: Dodged            |    46 |    38 |   147 |   337 |   431 |   651 |   113 ||  1763
Block: Buckler           |       |       |       |       |    31 |   374 |   112 ||   517
       Reflection        |       |       |       |       |       |    29 |     8 ||    37
